 Dungeon Crawl Stone Soup version 0.23.2-30-g0e89c35649 (webtiles) character file.

Game seed: 12610351532552835908

264888 teukkam the Peltast (level 19, -12/162 HPs)
             Began as a Minotaur Fighter on June 15, 2019.
             Was the Champion of Qazlal.
             Killed from afar by a lich (40 damage)
             ... with a bolt of negative energy
             ... on level 5 of the Abyss on June 18, 2019.
             The game lasted 02:57:53 (27833 turns).

teukkam the Peltast (Minotaur Fighter)             Turns: 27833, Time: 02:57:54

Health: -12/162    AC: 32    Str: 28      XL:     19   Next: 28%
Magic:  25/34      EV:  6    Int:  0 (3)  God:    Qazlal [******]
Gold:   1743       SH:  0    Dex: 20      Spells: 18/18 levels left

rFire    + . .     SeeInvis +   a - +10 trident "Vanaun Legu" {freeze, Dex+4}
rCold    + . .     Gourm    .   d - +3 large shield {reflect}
rNeg     . . .     Faith    .   T - +13 plate armour of Optimism {MP+9 SInv}
rPois    +         Spirit   .   (helmet unavailable)
rElec    .         Reflect  +   Y - scarf {rC+ rF+}
rCorr    .         Harm     .   H - +2 pair of gloves {Str+3}
MR       .....     Clarity  +   Q - +2 pair of boots Stlth ..........Rnd*Tele +
                                E - +3 amulet of reflection
HPRegen  0.37/turn              I - +3 ring of evasion
MPRegen  0.24/turn              R - ring of the Monkey {rPois Dex+4}

@: vulnerable, petrifying, slowed, lost intelligence, heavily drained, repel
missiles, very slow
A: retaliatory headbutt, horns 3, talons 1, clarity, [deformed body],
[deterioration 1], dopey 1, frail 1, [teleportitis 1], [weak 1]
}: 2/15 runes: decaying, serpentine
a: Upheaval, Elemental Force, Disaster Area, Renounce Religion


You were on level 5 of the Abyss.
You worshipped Qazlal.
Qazlal was exalted by your worship.
You were not hungry.

You visited 6 branches of the dungeon, and saw 31 of its levels.
You visited the Abyss 1 time.
You also visited: Sewer, Gauntlet and Ice Cave.

You collected 3214 gold pieces.
You spent 1471 gold pieces at shops.

Inventory:

Hand Weapons
 a - the +10 trident "Vanaun Legu" (weapon) {freeze, Dex+4}
   (You bought it in a shop on level 2 of the Orcish Mines)

   It has been specially enchanted to freeze those struck by it, causing extra
   injury to most foes and up to half again as much damage against particularly
   susceptible opponents.
   It can also slow down cold-blooded creatures.
   It affects your dexterity (+4).
 g - a +2 dire flail of distortion
 C - the +5 trident "Grim Tooth" {drain, Int+2}
   (You found it on level 5 of the Dungeon)

   A truly terrible weapon, it drains the life of those it strikes.
   It affects your intelligence (+2).
Missiles
 l - 3 throwing nets
 L - 9 tomahawks
 U - 2 tomahawks of returning
 Z - 19 javelins (quivered)
Armour
 d - a +3 large shield of reflection (worn)
 t - a +2 ring mail of cold resistance
 H - a +2 pair of gloves of strength (worn)
 Q - a +2 pair of boots (worn)
 T - the +13 plate armour of Optimism (worn) {MP+9 SInv}
   (You found it on level 4 of the Lair of Beasts)

   It affects your magic capacity (+9).
   It lets you see invisible.
 X - a +2 cloak of invisibility
 Y - a scarf of resistance (worn)
Jewellery
 c - an uncursed ring of ice
 m - a +2 ring of evasion
 E - a +3 amulet of reflection (around neck)
 I - a +3 ring of evasion (left hand)
 J - a +4 ring of protection
 R - the ring of the Monkey (right hand) {rPois Dex+4}
   (You found it in an ice cave)

   [ring of poison resistance]

   It affects your dexterity (+4).
   It protects you from poison.
 S - an uncursed amulet of regeneration
Wands
 b - a wand of polymorph (2)
 n - a wand of iceblast (5)
 p - a wand of random effects (15)
 s - a wand of digging (1)
 w - a wand of disintegration (9)
 F - a wand of flame (15)
 K - a wand of enslavement (6)
 P - a wand of paralysis (17)
 W - a wand of acid (17)
Scrolls
 e - 28 scrolls of identify
 j - 18 scrolls of remove curse
 k - 4 scrolls of enchant weapon
 o - a scroll of blinking
 r - 4 scrolls of immolation
 v - 6 scrolls of teleportation
 x - a scroll of fear
 y - 2 scrolls of enchant armour
 B - 7 scrolls of fog
Potions
 i - 2 potions of invisibility
 u - 3 potions of might
 z - 3 potions of haste
 A - a potion of resistance
 D - a potion of flight
 G - 6 potions of lignification
 M - 3 potions of berserk rage
 O - a potion of ambrosia
Miscellaneous
 h - a phial of floods
 N - a lightning rod (4/4)
 V - a sack of spiders
Comestibles
 f - 46 rations


   Skills:
 + Level 18.3(16.2) Fighting
   Level 6.4(11.2) Axes
 + Level 17.3(15.6) Polearms
   Level 9.8(9.4) Slings
 + Level 8.1(8.2) Throwing
 + Level 18.3(16.2) Armour
 + Level 18.3(16.3) Shields
 - Level 10.0(8.3) Invocations


You had 18 spell levels left.
You didn't know any spells.
Your spell library contained the following spells:

 Spells                   Type           Power        Failure   Level  Hunger
 Animate Skeleton         Necr           N/A          100%        1    ##.....
 Flame Tongue             Conj/Fire      #....        100%        1    ##.....
 Freeze                   Ice            #...         100%        1    ##.....
 Pain                     Necr           #...         100%        1    ##.....
 Summon Small Mammal      Summ           #...         100%        1    ##.....
 Call Imp                 Summ           #.......     100%        2    ###....
 Corpse Rot               Necr           N/A          100%        2    ###....
 Sublimation of Blood     Necr           #.........   100%        2    ###....
 Throw Frost              Conj/Ice       #.....       100%        2    ###....
 Call Canine Familiar     Summ           #.......     100%        3    ####...
 Ozocubu's Armour         Chrm/Ice       #.......     100%        3    ####...
 Recall                   Summ/Tloc      N/A          100%        3    ####...
 Regeneration             Chrm/Necr      #.........   100%        3    ####...
 Static Discharge         Conj/Air       #.......     100%        3    ####...
 Summon Guardian Golem    Hex/Summ       #.......     100%        3    ####...
 Vampiric Draining        Necr           #.........   100%        3    ####...
 Animate Dead             Necr           N/A          100%        4    #####..
 Cause Fear               Hex            #.........   100%        4    #####..
 Summon Ice Beast         Ice/Summ       #.......     100%        4    #####..
 Summon Lightning Spire   Summ/Air       #.......     100%        4    #####..
 Throw Icicle             Conj/Ice       #.......     100%        4    #####..
 Agony                    Necr           #.......     100%        5    ######.
 Bolt of Draining         Conj/Necr      #.........   100%        5    ######.
 Bolt of Magma            Conj/Fire/Erth #.........   100%        5    ######.
 Borgnjor's Vile Clutch   Necr/Erth      #.........   100%        5    ######.
 Dispel Undead            Necr           #.......     100%        5    ######.
 Excruciating Wounds      Chrm/Necr      #.........   100%        5    ######.
 Iskenderun's Battlesphe  Conj/Chrm      #.......     100%        5    ######.
 Lightning Bolt           Conj/Air       #.........   100%        5    ######.
 Silence                  Hex/Air        #.........   100%        5    ######.
 Venom Bolt               Conj/Pois      #.........   100%        5    ######.
 Bolt of Fire             Conj/Fire      #.........   100%        6    #######
 Conjure Ball Lightning   Conj/Air       #.........   100%        6    #######
 Death Channel            Necr           #.........   100%        6    #######
 Deflect Missiles         Chrm/Air       #.........   100%        6    #######
 Iron Shot                Conj/Erth      #.........   100%        6    #######
 Simulacrum               Ice/Necr       #.........   100%        6    #######
 Dragon Form              Tmut           #.........   100%        7    #######
 Orb of Destruction       Conj           #.........   100%        7    #######
 Spellforged Servitor     Conj/Summ      #.........   100%        7    #######
 Ignition                 Fire           #.........   100%        8    #######
 Dragon's Call            Summ           #.........   100%        9    #######
 Shatter                  Erth           #.........   100%        9    #######
 Tornado                  Air            #.........   100%        9    #######


Dungeon Overview and Level Annotations

Branches:
Dungeon (14/15)            Temple (0/1) D:6            Lair (6/6) D:8
  Swamp (4/4) Lair:3        Snake (4/4) Lair:3        Slime (0/5) Lair:6
    Orc (2/2) D:9             Elf (1/3) Orc:2
 Vaults: D:13-14

Altars:
Kikubaaqudgha
Okawaru
Qazlal
Sif Muna
Trog

Shops:
D:5 }   Orc:2 ![(}   Snake:2 !

Annotations:
D:12 3 runed translucent doors, Swamplord's ghost, journeyman HOMo
Orc:2 2 transporters, sdfsdf's ghost, journeyman TrBe


Innate Abilities, Weirdness & Mutations

You reflexively headbutt those who attack you in melee.
You have a pair of large horns on your head.
You have sharp toenails.
You possess an exceptional clarity of mind.
You are dopey. (Int -2)
You are frail. (-10% HP)
[Armour fits poorly on your strangely shaped body.]
[Your body sometimes deteriorates upon taking damage.]
[You are occasionally teleported next to monsters.]
[You are weak. (Str -2)]


Message History

The lich is struck by lightning.
The lich touches you but does no damage.
You block the phantasmal warrior's attack.
You hear a shout!
You hear a bark! x2; You hear a roar! x2; You hear a bark! x2
You hear a shout!
You feel better.
You hear a bark!
The lich casts a spell at you.
Your +3 large shield of reflection reflects the crystal spear!
The crystal spear hits the lich!!!
The lich touches you but does no damage.
You hear a chilling moan.
You feel better.
The fire bat is no longer moving quickly.
You block the lich's attack.
The lich points at you and mumbles some strange words.
You are slowing down.
The lich casts a spell at you. The bolt of negative energy hits you!!!
You feel drained.
You die...

# . .. ..#
.# #.
......# . #
#. ..#.
).L.# #
........W#
.. ≈...).†#
....#..†[##
##
........2#
. ≈...2LL##
.#. ....
W#@# ...≈
..#.bL## .
..≈..#.#.#
#
##......##
..#(#.# #
###


You could see a cacodemon, 3 liches, a shadow demon and a fire bat.

Vanquished Creatures
  the Lernaean hydra (Swamp:4)
  Bai Suzhen (Swamp:3)
  Nikola (Elf:1)
  Rupert (Orc:2)
  Frances (D:13)
  Kirke (Lair:5)
  8 nagarajas
  Donald (Swamp:4)
  2 thorn hunters
  Louise (Swamp:4)
  A balrug (Abyss:5)
  A dire elephant (Lair:6)
  A minotaur (Gauntlet)
  A blizzard demon (IceCv)
  Snorg (Orc:2)
  Josephine (Orc:2)
  Fannar (D:11)
  A fire dragon (Abyss:5)
  Erolcha (Orc:2)
  9 naga warriors
  18 hydras
  Harold (D:11)
  4 vault guards (D:14)
  5 anacondas
  3 ghost crabs (Swamp:4)
  2 centaur warriors
  A catoblepas (Lair:6)
  10 alligators
  An ogre mage (Abyss:5)
  5 shambling mangroves
  4 two-headed ogres
  7 dancing weapons (Elf:1)
  A deep troll shaman (Lair:6)
  10 death yaks
  2 tengu warriors
  A queen ant (Gauntlet)
  15 naga sharpshooters
  4 orc high priests (Orc:2)
  8 shock serpents
  Urug (D:13)
  A wretched star (Abyss:5)
  A sun demon (Abyss:5)
  Nergalle (Lair:2)
  3 deep elf knights (Elf:1)
  2 salamander mystics
  7 skeletal warriors
  4 sea snakes (Snake:4)
  8 naga ritualists
  An unseen horror (D:10)
  12 swamp dragons
  A necromancer (Gauntlet)
  5 deep elf archers (Elf:1)
  4 orc knights (Orc:2)
  13 deep elf magi (Elf:1)
  An ugly thing (D:12)
  5 orc sorcerers
  10 mana vipers
  4 cyclopes
  17 salamanders
  24 slime creatures
  An eye of devastation (Gauntlet)
  Maurice (D:13)
  2 guardian serpents
  12 elephants
  27 naga magi
  30 black mambas
  2 gargoyles
  15 spiny frogs
  2 centaur skeletons
  3 freezing wraiths
  A kobold demonologist (D:14)
  6 ice devils (IceCv)
  3 komodo dragons
  6 rime drakes (Lair:6)
  2 red devils (Abyss:5)
  2 tengu conjurers
  8 tyrant leeches
  4 trolls
  3 polar bears (Lair:6)
  18 hornets
  Prince Ribbit (D:6)
  5 blink frogs (Lair:5)
  16 bog bodies
  4 raiju (Abyss:5)
  8 dream sheep
  10 hippogriffs
  5 dire elephant simulacra (IceCv)
  3 air elementals (Elf:1)
  A wyvern (Lair:3)
  66 yaks
  A shadow (D:13)
  4 hogs (Lair:5)
  7 spriggans
  2 basilisks
  3 wraiths (Orc:2)
  2 chaos spawn (Abyss:5)
  A water elemental (Elf:1)
  2 large abominations (Abyss:5)
  A golden eye (Gauntlet)
  16 vampire mosquitoes
  3 death yak simulacra (IceCv)
  2 hungry ghosts
  3 wargs
  4 harpy simulacra (IceCv)
  A neqoxec (Abyss:5)
  2 acid dragons
  An iron troll simulacrum (IceCv)
  9 water moccasins
  3 hydra simulacra (IceCv)
  14 insubstantial wisps
  46 nagas
  8 swamp worms
  Duvessa (D:4)
  6 soldier ants (Gauntlet)
  3 porcupines
  A floating eye (Gauntlet)
  12 swamp drakes
  4 ice beasts
  A black bear (D:11)
  18 orc warriors
  2 ettin simulacra (IceCv)
  5 sky beasts
  2 necrophages
  5 ogres
  7 phantoms
  17 wolves
  2 eyes of draining (D:12)
  6 centaurs
  7 crocodiles
  11 bullfrogs
  9 big kobolds
  A wyvern zombie (D:11)
  A gnoll sergeant (D:12)
  2 earth elementals (Elf:1)
  Dowan (D:4)
  A wyvern skeleton (D:10)
  8 scorpions
  9 killer bees (D:7)
  3 howler monkeys (D:10)
  An electric eel (Snake:4)
  A bullfrog zombie (D:10)
  7 crimson imps
  A centaur zombie (D:8)
  A draconian simulacrum (IceCv)
  7 jellies
  8 hounds
  Crazy Yiuf (D:3)
  12 orc priests
  2 bullfrog skeletons
  13 orc wizards
  A gnoll shaman (D:4)
  3 iguanas
  Ijyb (D:3)
  13 worker ants
  3 troll simulacra (IceCv)
  2 polar bear simulacra (IceCv)
  A spriggan simulacrum (IceCv)
  A wolf simulacrum (IceCv)
  A centaur simulacrum (IceCv)
  A hound skeleton (D:10)
  13 gnolls
  9 adders
  A naga simulacrum (IceCv)
  An ogre simulacrum (IceCv)
  A shadow imp (D:12)
  4 white imps (IceCv)
  7 ufetubi (IceCv)
  4 oozes
  An adder skeleton (D:5)
  3 worms
  A dart slug (D:2)
  4 leopard geckos
  43 orcs
  5 ball pythons
  6 giant cockroaches
  6 hobgoblins
  14 jackals
  6 quokkas
  10 bats
  2 frilled lizards
  14 goblins
  21 kobolds
  A leopard gecko zombie (D:5)
  20 rats
  4 briar patches (Swamp:3)
  A plant (Gauntlet)
1093 creatures vanquished.

Vanquished Creatures (others)
  A nagaraja (Snake:4)
  A blizzard demon (IceCv)
  A centaur warrior (D:13)
  3 naga sharpshooters (Snake:4)
  A swamp dragon (Swamp:2)
  3 deep elf archers (Elf:1)
  A deep elf mage (Elf:1)
  2 cyclopes
  A black mamba (Snake:4)
  A hornet (Swamp:4)
  A spriggan (Swamp:4)
  4 fire bats (Abyss:5)
  2 vampire mosquitoes
  A naga (Snake:4)
  A swamp drake (Swamp:2)
  A white imp (IceCv)
  An ufetubus (IceCv)
  4 briar patches
  20 fungi
  23 plants
73 creatures vanquished.

Grand Total: 1166 creatures vanquished

Notes
Turn   | Place    | Note
-------+----------+-------------------------------------------
     0 | D:1      | teukkam the Minotaur Fighter began the quest for the Orb.
     0 | D:1      | Reached XP level 1. HP: 19/19 MP: 0/0
   147 | D:1      | Reached XP level 2. HP: 27/27 MP: 1/1
   431 | D:2      | Found a faded altar of an unknown god.
   438 | D:2      | Became a worshipper of Qazlal Stormbringer
   438 | D:2      | Reached * piety under Qazlal
   443 | D:2      | Reached XP level 3. HP: 31/33 MP: 2/2
   677 | D:2      | Found an ancient bone altar of Kikubaaqudgha.
   682 | D:2      | Found a deep blue altar of Sif Muna.
   685 | D:2      | Found a stormy altar of Qazlal.
  1075 | D:4      | Noticed Duvessa
  1075 | D:4      | Noticed Dowan
  1127 | D:3      | Reached XP level 4. HP: 25/40 MP: 3/3
  1166 | D:3      | Reached ** piety under Qazlal
  1739 | D:3      | Noticed Ijyb
  1749 | D:3      | Killed Ijyb
  1768 | D:3      | Found a runed translucent door.
  1769 | D:3      | Noticed Crazy Yiuf
  2001 | D:3      | Killed Crazy Yiuf
  2001 | D:3      | Reached XP level 5. HP: 47/47 MP: 4/4
  2069 | D:4      | Noticed a phantom
  2081 | D:4      | HP: 3/70 [phantom (6)]
  2083 | D:4      | Killed a phantom
  2083 | D:4      | Reached skill level 5 in Fighting
  2083 | D:4      | Reached skill level 5 in Armour
  2083 | D:4      | Reached skill level 5 in Shields
  2085 | D:4      | Killed Dowan
  2085 | D:4      | Reached XP level 6. HP: 4/56 MP: 5/5
  2086 | D:4      | Killed Duvessa
  2086 | D:4      | HP: 3/84 [poisoned by a worker ant]
  2094 | D:4      | HP: 3/84 [poisoned by a worker ant]
  2497 | D:4      | Reached skill level 5 in Axes
  2974 | D:4      | Reached XP level 7. HP: 56/62 MP: 6/6
  3055 | D:5      | Entered Level 5 of the Dungeon
  3374 | D:5      | Reached XP level 8. HP: 54/71 MP: 7/7
  3471 | D:5      | Found an iron altar of Okawaru.
  3562 | D:5      | Got a dazzling trident
  3563 | D:5      | Identified the +5 trident "Grim Tooth" {drain, Int+2} (You
                  | found it on level 5 of the Dungeon)
  3711 | D:5      | Found Wiogiu's Gadget Shop.
  3749 | D:5      | Reached *** piety under Qazlal
  3920 | D:6      | Reached skill level 1 in Polearms
  3926 | D:6      | Noticed Prince Ribbit
  3961 | D:6      | Killed Prince Ribbit
  3979 | D:6      | Found a glowing drain.
  3988 | Sewer    | Entered a sewer
  4261 | Sewer    | Reached XP level 9. HP: 81/81 MP: 8/8
  4457 | D:6      | Found a staircase to the Ecumenical Temple.
  4528 | D:6      | Reached **** piety under Qazlal
  4833 | D:7      | Gained mutation: Potions are less effective at restoring
                  | your health. [potion of mutation]
  4833 | D:7      | Gained mutation: You have a pair of large horns on your
                  | head. [potion of mutation]
  4833 | D:7      | Gained mutation: [Armour fits poorly on your strangely
                  | shaped body.] [potion of mutation]
  4833 | D:7      | Gained mutation: Your muscles are strong. (Str +2) [potion
                  | of mutation]
  5118 | D:7      | Lost mutation: Potions are less effective at restoring your
                  | health. [potion of mutation]
  5118 | D:7      | Lost mutation: [Armour fits poorly on your strangely shaped
                  | body.] [potion of mutation]
  5118 | D:7      | Lost mutation: Your muscles are strong. (Str +2) [potion of
                  | mutation]
  5118 | D:7      | Lost mutation: You have a pair of large horns on your head.
                  | [potion of mutation]
  5118 | D:7      | Gained mutation: You have sharp toenails. [potion of
                  | mutation]
  5118 | D:7      | Gained mutation: You are frail. (-10% HP) [potion of
                  | mutation]
  5118 | D:7      | Gained mutation: You have a pair of large horns on your
                  | head. [potion of mutation]
  5118 | D:7      | Gained mutation: You possess an exceptional clarity of
                  | mind. [potion of mutation]
  5276 | D:7      | Got a transparent buckler
  5287 | D:7      | Identified the +3 buckler of the Mutiny {Str+2} (You found
                  | it on level 7 of the Dungeon)
  5869 | D:8      | Reached skill level 5 in Polearms
  6293 | D:8      | Found a staircase to the Lair.
  6873 | D:9      | Reached XP level 10. HP: 37/81 MP: 9/9
  7084 | D:9      | Found a staircase to the Orcish Mines.
  7452 | D:9      | Reached ***** piety under Qazlal
  7455 | D:9      | Reached skill level 10 in Shields
  7508 | D:9      | Reached skill level 10 in Armour
  7702 | D:10     | Entered Level 10 of the Dungeon
  7703 | D:10     | Noticed an unseen horror
  7707 | D:10     | Killed an unseen horror
  7707 | D:10     | Reached skill level 10 in Fighting
  7854 | Orc:1    | Entered Level 1 of the Orcish Mines
  8077 | Orc:2    | Entered Level 2 of the Orcish Mines
  8081 | Orc:2    | Noticed Snorg
  8220 | D:10     | Noticed a gargoyle
  8233 | D:10     | Killed a gargoyle
  8375 | D:10     | Noticed a three-headed hydra
  8386 | D:10     | Reached XP level 11. HP: 79/90 MP: 10/10
  8535 | D:10     | Reached skill level 1 in Invocations
  8623 | D:10     | Killed a three-headed hydra
  8805 | D:10     | Noticed an unseen horror
  8859 | D:11     | Noticed Fannar
  8920 | Lair:1   | Entered Level 1 of the Lair of Beasts
  9225 | Lair:1   | You fall through a shaft!
  9226 | Lair:2   | Noticed Nergalle
 10019 | Lair:3   | Found a staircase to the Swamp.
 10192 | Lair:3   | Reached XP level 12. HP: 94/100 MP: 14/14
 10225 | Lair:3   | Found a staircase to the Snake Pit.
 10803 | Orc:2    | Noticed a two-headed ogre
 10828 | Orc:2    | Found a staircase to the Elven Halls.
 10856 | Orc:2    | Killed a two-headed ogre
 10856 | Orc:2    | Reached skill level 10 in Polearms
 10861 | Orc:2    | Killed Snorg
 10890 | Orc:2    | Reached skill level 5 in Invocations
 11161 | Orc:2    | Noticed Erolcha
 11165 | Orc:2    | Killed Erolcha
 11187 | Orc:2    | Identified the +6 battleaxe of Armageddon {elec, *Slow
                  | +Blink rF+ Int+4}
 11187 | Orc:2    | Noticed an orc warlord
 11191 | Orc:2    | Noticed a two-headed ogre
 11192 | Orc:2    | Noticed an orc high priest
 11215 | Orc:2    | Killed an orc high priest
 11240 | Orc:2    | Noticed a two-headed ogre
 11452 | Orc:2    | Found a bloodstained altar of Trog.
 11464 | Orc:2    | Found a transporter.
 11469 | Orc:2    | Noticed sdfsdf's ghost (journeyman TrBe)
 11472 | Orc:2    | Found a bloodstained altar of Trog.
 11477 | Orc:2    | Found a transporter.
 11478 | Orc:2    | Identified the cursed +1 battleaxe of Numuesirch
                  | {antimagic, rN+ Int+4}
 11478 | Orc:2    | Identified the ring of Saez {rF- Dex+7 SInv}
 11565 | Orc:2    | Noticed an orc high priest
 11575 | Orc:2    | Paralysed by an orc sorcerer for 4 turns
 11607 | Orc:2    | Killed an orc high priest
 11738 | Orc:2    | Noticed Rupert
 11743 | Orc:2    | Noticed an orc high priest
 11754 | Orc:2    | Killed Rupert
 11769 | Orc:2    | Killed an orc high priest
 11794 | Orc:2    | Reached XP level 13. HP: 50/107 MP: 16/16
 11905 | Orc:2    | Noticed Josephine
 11917 | Orc:2    | Killed Josephine
 11921 | Orc:2    | Found Buyvo's Gadget Shoppe.
 11921 | Orc:2    | Found Fian's Distillery.
 11923 | Orc:2    | Found Meunafoo's Weapon Shop.
 11923 | Orc:2    | Found Nimarph's Armour Shop.
 12026 | Orc:2    | Bought the +10 trident "Vanaun Legu" {freeze, Dex+4} for
                  | 1147 gold pieces
 12362 | Lair:2   | Killed Nergalle
 13216 | Lair:4   | Got a smoking scale mail
 13326 | Lair:3   | Identified the +0 scale mail of the Teacher {rN+ Str-3
                  | Int+5 Stlth-} (You found it on level 4 of the Lair of
                  | Beasts)
 14004 | Lair:4   | Got a spiked plate armour
 14015 | Lair:4   | Identified the +13 plate armour of Optimism {MP+9 SInv}
                  | (You found it on level 4 of the Lair of Beasts)
 14248 | Lair:5   | Reached skill level 1 in Slings
 14261 | Lair:5   | Noticed Kirke
 14478 | Lair:5   | Killed Kirke
 14973 | Lair:6   | Entered Level 6 of the Lair of Beasts
 14989 | Lair:6   | Found a gate leading to a gauntlet.
 15023 | Lair:6   | Reached XP level 14. HP: 110/117 MP: 19/19
 15047 | Gauntlet | Entered a Gauntlet
 15047 | Gauntlet | Found a transporter.
 15047 | Gauntlet | Found a transporter.
 15047 | Gauntlet | Found a transporter.
 15048 | Gauntlet | Found the amulet of Vitality {Regen+ HP+15}
 15073 | Gauntlet | Found a transporter.
 15077 | Gauntlet | Found a transporter.
 15097 | Gauntlet | Found a transporter.
 15108 | Gauntlet | Found a transporter.
 15123 | Gauntlet | Found a transporter.
 15124 | Gauntlet | Found a transporter.
 15126 | Gauntlet | Found a large runed translucent door.
 15239 | Gauntlet | Found a transporter.
 15256 | Gauntlet | Found a transporter.
 15257 | Gauntlet | Found a large runed translucent door.
 15257 | Gauntlet | Found a large runed translucent door.
 15258 | Gauntlet | Found a large runed translucent door.
 15258 | Gauntlet | Found a large runed translucent door.
 15270 | Gauntlet | Found a runed translucent door.
 15270 | Gauntlet | Found a runed translucent door.
 15270 | Gauntlet | Found a large runed translucent door.
 15270 | Gauntlet | Found a large runed translucent door.
 15270 | Gauntlet | Found a large runed translucent door.
 15270 | Gauntlet | Found a large runed translucent door.
 15270 | Gauntlet | Found a large runed translucent door.
 15271 | Gauntlet | Found a large runed translucent door.
 15271 | Gauntlet | Found a large runed translucent door.
 15272 | Gauntlet | Found a large runed translucent door.
 15272 | Gauntlet | Found a large runed translucent door.
 15272 | Gauntlet | Found a large runed translucent door.
 15272 | Gauntlet | Found a large runed translucent door.
 15273 | Gauntlet | Found a runed translucent gate.
 15273 | Gauntlet | Found a runed translucent gate.
 15273 | Gauntlet | Found a runed translucent gate.
 15274 | Gauntlet | Found a transporter.
 15475 | Gauntlet | Reached XP level 15. HP: 124/124 MP: 20/20
 15647 | Lair:6   | Reached ****** piety under Qazlal
 15650 | Lair:6   | Reached skill level 5 in Slings
 16354 | Lair:6   | Found a staircase to the Slime Pits.
 17123 | Swamp:1  | Entered Level 1 of the Swamp
 17434 | Swamp:3  | Noticed a thorn hunter
 17525 | Swamp:3  | Reached skill level 15 in Shields
 17558 | Swamp:3  | Reached skill level 15 in Fighting
 17641 | Swamp:3  | Killed a thorn hunter
 17641 | Swamp:3  | Reached skill level 15 in Armour
 17698 | Swamp:3  | Reached XP level 16. HP: 105/134 MP: 22/22
 17763 | Swamp:3  | Noticed Bai Suzhen
 17827 | Swamp:3  | Killed Bai Suzhen
 17827 | Swamp:3  | Reached skill level 10 in Invocations
 17852 | Swamp:3  | Found a frozen archway.
 17861 | IceCv    | Entered an ice cave
 18715 | IceCv    | Got a flickering wooden ring
 18717 | IceCv    | Identified the ring of the Monkey {rPois Dex+4} (You found
                  | it in an ice cave)
 19300 | Swamp:4  | Entered Level 4 of the Swamp
 19497 | Swamp:4  | Noticed Donald
 19503 | Swamp:4  | Identified the +3 large shield of Unreason {+Fly rF+ Int-5}
 19503 | Swamp:4  | Noticed Louise
 19509 | Swamp:4  | Killed Donald
 19538 | Swamp:4  | Killed Louise
 19547 | Swamp:4  | Noticed a thorn hunter
 19563 | Swamp:4  | Identified the +3 ring mail "Kuucw" {*Contam MR++} (You
                  | found it on level 4 of the Swamp)
 19911 | Swamp:4  | Killed a thorn hunter
 19990 | Swamp:4  | Noticed the 27-headed Lernaean hydra
 20003 | Swamp:4  | Killed the 27-headed Lernaean hydra
 20003 | Swamp:4  | Reached XP level 17. HP: 98/142 MP: 23/23
 20200 | Swamp:4  | Got a decaying rune of Zot
 20226 | Swamp:4  | Reached skill level 15 in Polearms
 20669 | Snake:1  | Entered Level 1 of the Snake Pit
 20990 | Snake:1  | Reached skill level 1 in Throwing
 21472 | Snake:2  | Found Jaecio's Distillery.
 21594 | Snake:2  | Bought a potion of invisibility for 144 gold pieces
 21594 | Snake:2  | Bought a potion of resistance for 180 gold pieces
 21703 | Snake:2  | Identified the +1 robe of the Curious Scars {rF+ MR++ rCorr
                  | Str-3}
 22360 | Snake:4  | Entered Level 4 of the Snake Pit
 22641 | Snake:4  | Reached XP level 18. HP: 76/152 MP: 24/24
 23007 | Snake:4  | Reached skill level 5 in Throwing
 23802 | Snake:4  | Got a serpentine rune of Zot
 24673 | D:11     | Noticed Harold
 24684 | D:11     | Killed Fannar
 24688 | D:11     | Killed Harold
 25392 | D:12     | Identified the +8 short sword of Death's Door {pain,
                  | Fragile rElec rC+ Str+5}
 25396 | D:12     | Found a runed translucent gate.
 25396 | D:12     | Noticed Swamplord's ghost (journeyman HOMo)
 25399 | D:12     | Found a runed translucent gate.
 25400 | D:12     | Found a runed translucent gate.
 25407 | D:12     | Found the cursed necklace of Bloodlust {*Rage +Rage MR++
                  | Int-3 Slay+6 *Curse}
 25407 | D:12     | Identified the +7 whip of Ynkeas {venom, MR+ Str+3 Dex-4
                  | SInv}
 26076 | D:13     | Noticed Frances
 26130 | D:13     | Noticed Urug
 26149 | D:13     | Killed Urug
 26164 | D:13     | Killed Frances
 26182 | D:13     | Noticed Maurice
 26192 | D:13     | Killed Maurice
 26889 | Elf:1    | Entered Level 1 of the Elven Halls
 26954 | Elf:1    | Identified the cursed +0 pair of gloves of the Big Bang
                  | {rC+ rN+ Str-5}
 26954 | Elf:1    | Noticed Nikola
 26973 | Elf:1    | Killed Nikola
 26973 | Elf:1    | Reached XP level 19. HP: 84/161 MP: 25/25
 27703 | Orc:2    | Cast into level 4 of the Abyss (a distortion unwield)
 27735 | Abyss:5  | Entered Level 5 of the Abyss
 27735 | Abyss:5  | Entered Level 5 of the Abyss
 27735 | Abyss:5  | Found a corrupted altar of Lugonu.
 27792 | Abyss:5  | Gained mutation: You are dopey. (Int -2) [a neqoxec]
 27811 | Abyss:5  | Noticed a lich
 27826 | Abyss:5  | Lost intelligence.
 27833 | Abyss:5  | Killed from afar by a lich

Skill      XL: |  1  2  3  4  5  6  7  8  9 10 11 12 13 14 15 16 17 18 19 |
---------------+----------------------------------------------------------+-----
Armour         | 4 5 6 7 9 10 11 12 13 14 15 16 17 18 | 18.3
Shields        | 4 5 6 7 9 10 11 12 13 14 15 16 17 18 | 18.3
Axes           | 3 4 5 6 |  6.4
Fighting       | 4 5 6 7 9 10 11 12 13 14 15 16 17 18 | 18.3
Polearms       | 3 6 8 9 11 12 13 14 16 17 | 17.3
Invocations    | 4 6 8 9 10 | 10.0
Slings         | 3 4 7 9 |  9.8
Throwing       | 4 7 8 |  8.1

Action                   |  1- 3 |  4- 6 |  7- 9 | 10-12 | 13-15 | 16-18 | 19-21 || total
-------------------------+-------+-------+-------+-------+-------+-------+-------++-------
Melee: War axe           |    81 |    69 |    70 |       |       |       |       ||   220
       Headbutt          |     9 |     7 |    39 |    86 |   173 |   417 |    51 ||   782
       Whip              |       |     1 |       |       |       |       |       ||     1
       Trident           |       |       |   203 |   429 |   742 |  1422 |   170 ||  2966
       Kick              |       |       |    10 |    44 |       |       |       ||    54
Throw: Javelin           |       |     2 |     4 |    18 |    16 |    88 |     3 ||   131
       Throwing net      |       |       |       |       |       |     1 |       ||     1
       Tomahawk          |       |       |       |       |       |    20 |       ||    20
Invok: Disaster Area     |       |       |       |     2 |       |     3 |     2 ||     7
       Upheaval          |       |       |       |     1 |       |       |       ||     1
Evoke: Wand              |       |     4 |     2 |    24 |     6 |    46 |       ||    82
       Lightning rod     |       |       |       |     7 |     2 |     3 |       ||    12
       Sack of spiders   |       |       |       |       |       |     4 |       ||     4
  Use: Scroll            |     2 |     4 |     1 |     6 |    12 |    18 |       ||    43
       Potion            |       |     4 |     5 |     4 |    11 |    11 |     2 ||    37
 Stab: Paralysed         |       |       |       |     1 |       |       |       ||     1
       Confused          |       |       |       |       |       |     1 |       ||     1
       Invisible         |       |       |       |       |       |     1 |       ||     1
  Eat: Chunk             |     1 |     3 |     9 |     4 |     1 |     6 |       ||    24
       Ration            |       |     1 |     1 |     4 |     5 |     7 |     1 ||    19
Armor: Scale mail        |    44 |    12 |       |       |       |       |       ||    56
       Skin              |       |    29 |       |       |       |       |       ||    29
       Ring mail         |       |    13 |    62 |   103 |    36 |       |       ||   214
       Plate armour      |       |       |       |       |   153 |   315 |    32 ||   500
Dodge: Dodged            |    22 |    30 |    68 |   120 |   120 |   135 |    15 ||   510
       Deflected         |       |       |     1 |     8 |     6 |    32 |     1 ||    48
Block: Shield            |    40 |    72 |   159 |       |       |       |       ||   271
       Buckler           |       |       |    47 |   279 |   261 |       |       ||   587
       Large shield      |       |       |       |       |   394 |  1603 |   190 ||  2187
       Reflection        |       |       |       |       |     4 |   232 |    27 ||   263
